 Dungeon Crawl Stone Soup version 0.17-b1-20-g63edfd6 (webtiles) character file.

124644 l0ser140 the Carver (level 17, -2/135 HPs)
             Began as a Human Fighter on Nov 4, 2015.
             Was a High Priest of Okawaru.
             Slain by a naga warrior
             ... wielding a +0 battleaxe
              (16 damage)
             ... on level 1 of the Snake Pit on Nov 5, 2015.
             The game lasted 02:37:02 (42513 turns).

l0ser140 the Carver (Human Fighter)                Turns: 42513, Time: 02:37:03

Health: -2/135     AC: 20    Str: 22    XL:     17   Next: 48%
Magic:  17/17      EV: 12    Int: 22    God:    Okawaru [*****.]
Gold:   3462       SH: 13    Dex: 16    Spells: 2 memorised, 12 levels left

rFire  + . .     SeeInvis .     a - +10 falchion "Human's Doom" {slice, *Corrode +Inv MP-9 Int+11}
rCold  + + +     Clarity  .     T - +3 ring mail of Crawling {+Blink}
rNeg   . . .     SustAt   .     w - +0 shield
rPois  +         Gourm    .     Y - +0 helmet
rElec  .         Spirit   .     W - +2 cloak {+Inv}
rCorr  +         Warding  .     E - +2 pair of gloves {archery}
rMut   .         Stasis   .     v - +0 pair of boots
MR     +....                    y - amulet "Litatt" {rCorr rPois rF+ rC+ Int+2}
Stlth  +++.......               h - ring of protection from cold
                                C - ring of protection from cold

@: lethally poisoned (-2 -> -3), constricted, somewhat resistant to hostile
enchantments, fairly stealthy
A: agile 1
a: Heroism, Finesse, Renounce Religion, Evoke Blink, Evoke Invisibility


You were on level 1 of the Snake Pit.
You worshipped Okawaru.
Okawaru was extremely pleased with you.
You were not hungry.

You visited 6 branches of the dungeon, and saw 30 of its levels.
You also visited: Labyrinth, Sewer, Bailey, Ice Cave and Volcano.

You collected 4156 gold pieces.
You spent 694 gold pieces at shops.

Inventory:

Hand Weapons
 a - the +10 falchion "Human's Doom" (weapon) {slice, *Corrode +Inv MP-9 Int+11}
   (You found it on level 6 of the Dungeon)

   It inflicts extra damage upon your enemies.
   It affects your intelligence (+11).
   It affects your magic capacity (-9).
   It lets you turn invisible.
   It may corrode your equipment when you take damage.
 P - a +3 scimitar of flaming
Missiles
 o - 293 stones (quivered)
 t - a throwing net
Armour
 q - a +3 plate armour of magic resistance
 v - a +0 pair of boots (worn)
 w - a +0 shield (worn)
 E - a +2 pair of gloves of archery (worn)
 T - the +3 ring mail of Crawling (worn) {+Blink}
   (Okawaru gifted it to you on level 2 of the Lair of Beasts)

   It lets you blink.
 W - a +2 cloak of invisibility (worn)
 Y - a +0 helmet (worn)
Rods
 c - a +1 rod of ignition (10/10)
   (You found it on level 5 of the Dungeon)
Jewellery
 b - an uncursed ring of fire
 h - a ring of protection from cold (right hand)
 p - a +4 ring of protection
 r - an uncursed ring of protection from fire
 y - the amulet "Litatt" (around neck) {rCorr rPois rF+ rC+ Int+2}
   (You found it on level 6 of the Dungeon)

   [amulet of resist corrosion]

   It protects you from acid and corrosion.
   It affects your intelligence (+2).
   It protects you from fire.
   It protects you from cold.
   It protects you from poison.
 C - a ring of protection from cold (left hand)
 Z - an uncursed amulet of clarity
Wands
 j - a wand of digging (3)
 l - a wand of lightning (6)
 D - a wand of paralysis (10)
 H - a wand of confusion (26)
 Q - a wand of fireball (15)
 X - a wand of cold (4)
Scrolls
 i - 2 scrolls of blinking
 x - 4 scrolls of enchant weapon
 z - 4 scrolls of enchant armour
 A - 14 scrolls of remove curse
 I - 2 scrolls of fog
 K - 2 scrolls of recharging
 N - 4 scrolls of teleportation
 O - 4 scrolls of magic mapping
 U - 2 scrolls of identify
Potions
 d - 5 potions of might
 f - 25 potions of curing
 g - 11 potions of lignification
 k - 7 potions of heal wounds
 m - 3 potions of flight
 n - a potion of brilliance
 u - a potion of invisibility
 G - 2 potions of berserk rage
 L - 3 potions of resistance
 R - 7 potions of agility
 S - 2 potions of haste
Comestibles
 e - 9 bread rations
 s - 8 meat rations
 F - a beef jerky
 J - 10 royal jellies
 M - 20 fruits


   Skills:
 + Level 12.4 Fighting
 + Level 12.8 Long Blades
 + Level 10.9 Armour
 - Level 7.2 Dodging
 - Level 7.4 Stealth
 + Level 11.4 Shields
 - Level 9.9 Charms
 - Level 12.5 Invocations
 - Level 7.7 Evocations


You had 12 spell levels left.
You knew the following spells:

 Your Spells              Type           Power        Failure   Level  Hunger
a - Repel Missiles        Chrm/Air       ###...       10%         2    ###....
s - Swiftness             Chrm/Air       ###.....     10%         2    ###....


Dungeon Overview and Level Annotations

Branches:
Dungeon (15/15)            Temple (1/1) D:5            Lair (8/8) D:8
 Shoals (0/4) Lair:3        Snake (1/4) Lair:5        Slime (0/6) Lair:6
    Orc (4/4) D:10            Elf (1/3) Orc:4        Vaults (0/5) D:14
 Depths (0/5) D:15

Altars:
Ashenzari
Cheibriados
Dithmenos
Elyvilon
Fedhas
Gozag
Kikubaaqudgha
Makhleb
Nemelex Xobeh
Okawaru
Qazlal
Ru
Sif Muna
Trog
Vehumet
Xom
Yredelemnul
Zin
The Shining One
Beogh
Jiyva

Shops:
D:8 [   D:11 *   D:14 *   Orc:2 [   Orc:4 (?}:

Annotations:
D:2 exclusion: downstairs
D:3 Sigmund
D:6 exclusion: downstairs


Innate Abilities, Weirdness & Mutations

You are agile. (Dex +2)


Message History

You are poisoned.
You resist. The naga warrior blocks your attack.
The naga warrior is almost dead.
You feel sick. You block the naga warrior's attack.
The naga warrior hits you with a flail!!
* * * LOW HITPOINT WARNING * * *
x2 The naga warrior constricts you.
Unknown command.
You slash the naga warrior!
The naga warrior is almost dead.
Unknown command.
You barely miss the naga warrior.
The naga warrior is almost dead.
You feel sick.
The naga warrior hits you with a flail!!
* * * LOW HITPOINT WARNING * * *
The naga warrior constricts you.
The naga warrior hits you with a battleaxe!
You die...

#####
###...###
#.......#
#.......#
#.......#
#>.....#
#...N..#
#<..@N.#
#.....##
#.....#
#.....#
#.....#
#.....#
#....##
#....#


You could see 2 naga warriors.

Vanquished Creatures
  Rupert (Lair:4)
  Gastronok (Lair:3)
  2 orc warlords
  An ettin (D:14)
  A minotaur (Lab)
  2 fire dragons
  Erolcha (Orc:4)
  Josephine (D:10)
  A rakshasa (D:13)
  A yaktaur captain (D:15)
  An ice dragon (Lair:8)
  A naga warrior (Lair:5)
  Harold (D:10)
  8 hydras
  4 centaur warriors
  2 ogre magi
  Erica (Lair:2)
  3 death yaks
  A tengu warrior (D:14)
  Sonja (Lair:2)
  Nergalle (Orc:4)
  2 orc high priests
  The ghost of dvd the Archer, a novice CeHu of Ashenzari (D:7)
  2 ice devils (IceCv)
  A salamander mystic (Volcano)
  An unseen horror (D:11)
  A flayed ghost (D:8)
  Pikel (D:8)
  A wolf spider zombie (D:12)
  6 ugly things
  9 orc knights
  A lindwurm (Lair:6)
  4 hill giants
  A necromancer (D:14)
  12 orc sorcerers
  5 cyclopes
  3 griffons
  5 salamanders (Volcano)
  3 black mambas
  4 manticores
  A hornet (D:15)
  11 elephants
  4 centaur zombies
  19 spiny frogs
  2 ice statues (IceCv)
  A torpor snail (Lair:8)
  A gargoyle (D:13)
  A yaktaur (D:15)
  3 kobold demonologists
  5 trolls
  5 komodo dragons
  5 fire drakes
  A polar bear (Lair:5)
  7 blue devils (IceCv)
  2 giant leeches (Lair:8)
  2 two-headed ogres (Orc:3)
  28 blink frogs
  A snapping turtle (Lair:3)
  6 slime creatures (D:13)
  A trapdoor spider (D:12)
  10 wraiths
  5 deep elf magi
  A trapdoor spider (shapeshifter) (D:15)
  73 yaks
  5 wyverns
  3 fire bats (D:8)
  12 hippogriffs
  3 hungry ghosts
  29 wolves
  A hippogriff (shapeshifter) (D:13)
  4 shadows
  5 nagas (Lair:5)
  6 wargs
  6 vampire mosquitoes (Lair:8)
  2 mottled dragons
  14 water moccasins
  A soldier ant (shapeshifter) (D:14)
  2 soldier ants (D:8)
  5 porcupines
  43 orc warriors
  6 ice beasts
  A sky beast (shapeshifter) (D:15)
  3 sky beasts
  A black bear (D:10)
  2 phantoms
  3 slaves (D:8)
  19 ogres
  8 crocodiles
  20 centaurs
  2 brain worms
  36 giant frogs
  2 elf zombies (D:4)
  3 big kobolds
  3 elf skeletons (D:4)
  4 scorpions
  7 killer bees
  2 vampire bats (D:8)
  9 wights
  9 crimson imps
  A quasit (D:7)
  7 electric eels
  5 jellies
  9 hounds
  6 centaur skeletons
  A human zombie (D:4)
  A giant frog skeleton (D:7)
  30 orc priests
  52 orc wizards
  7 worker ants
  4 human skeletons (D:4)
  10 iguanas
  12 sheep
  11 gnolls
  40 river rats
  17 adders
  7 white imps (IceCv)
  5 shadow imps
  5 ufetubi (IceCv)
  2 oozes
  3 adder skeletons
  An adder zombie (D:6)
  4 worms
  201 orcs
  15 bats
  2 bat skeletons (D:8)
  3 bat zombies (D:8)
  4 giant cockroaches
  10 goblins
  8 hobgoblins
  37 kobolds
  6 ball pythons (Sewer)
  4 giant geckos
  8 giant newts
  13 jackals
  A jackal skeleton (D:4)
  An orc skeleton (D:4)
  A quokka skeleton (D:6)
  13 rats
1142 creatures vanquished.

Vanquished Creatures (collateral kills)
  2 blink frogs (Lair:3)
2 creatures vanquished.

Vanquished Creatures (others)
  4 white imps (IceCv)
  An ufetubus (IceCv)
  6 fungi
  10 plants (Lair:8)
21 creatures vanquished.

Grand Total: 1165 creatures vanquished

Notes
Turn   | Place    | Note
--------------------------------------------------------------
     0 | D:1      | l0ser140 the Human Fighter began the quest for the Orb.
     0 | D:1      | Reached XP level 1. HP: 18/18 MP: 1/1
   106 | D:1      | Reached XP level 2. HP: 22/24 MP: 2/2
   732 | D:1      | Reached XP level 3. HP: 29/29 MP: 3/3
  1542 | D:2      | Reached XP level 4. HP: 32/35 MP: 4/4
  2103 | D:3      | Noticed Sigmund
  2148 | D:3      | Reached skill level 4 in Armour
  2148 | D:3      | Reached XP level 5. HP: 28/41 MP: 5/5
  2807 | D:4      | Reached XP level 6. HP: 30/47 MP: 6/6
  2840 | D:4      | Gained mutation: You are agile. (Dex +2) [potion of beneficial mutation]
  3018 | D:4      | Found a shadowy altar of Dithmenos.
  3028 | D:4      | Noticed an ogre
  3070 | D:4      | Killed an ogre
  3070 | D:4      | Reached skill level 5 in Shields
  3268 | D:4      | Found a glowing drain.
  3272 | Sewer    | Entered a sewer
  3610 | Sewer    | Reached XP level 7. HP: 53/53 MP: 7/7
  4028 | D:4      | Reached skill level 5 in Armour
  4159 | D:4      | Reached skill level 6 in Shields
  4348 | D:4      | Reached XP level 8. HP: 48/61 MP: 8/8
  4544 | D:4      | Reached skill level 5 in Fighting
  5005 | D:4      | Reached skill level 1 in Stealth
  5383 | D:5      | Entered Level 5 of the Dungeon
  5484 | D:5      | Reached skill level 7 in Shields
  5698 | D:5      | Identified a +1 rod of ignition (10/10) (You found it on level 5 of the Dungeon)
  6020 | D:5      | Found a staircase to the Ecumenical Temple.
  6114 | Temple   | Entered the Ecumenical Temple
  6525 | D:6      | Got a pitted graven amulet
  6527 | D:6      | Identified the amulet "Litatt" {rCorr rPois rF+ rC+ Int+2} (You found it on level 6 of the Dungeon)
  6573 | D:6      | Reached XP level 9. HP: 65/68 MP: 9/9
  6898 | D:6      | Got an iridescent falchion
  6899 | D:6      | Identified the +10 falchion "Human's Doom" {slice, *Corrode +Inv MP-9 Int+11} (You found it on level 6 of the Dungeon)
  7151 | D:7      | Noticed dvd's ghost (novice CeHu)
  7220 | D:7      | Reached skill level 8 in Shields
  7348 | D:7      | Found a sparkling altar of Nemelex Xobeh.
  7349 | D:7      | Found a burning altar of Makhleb.
  7355 | D:7      | Reached skill level 1 in Evocations
  7357 | D:7      | Found a radiant altar of Vehumet.
  7375 | D:7      | Found a stormy altar of Qazlal.
  7375 | D:7      | Found an iron altar of Okawaru.
  7398 | D:7      | Killed dvd's ghost
  7398 | D:7      | Reached skill level 9 in Shields
  7414 | D:7      | Became a worshipper of Warmaster Okawaru
  7591 | D:7      | Reached XP level 10. HP: 15/76 MP: 2/11
  8416 | D:8      | Found Ocaki's Armour Shop.
  8428 | D:8      | Reached skill level 5 in Long Blades
  8430 | D:8      | Bought a +0 cloak for 58 gold pieces
  8652 | D:8      | Found a staircase to the Lair.
  8881 | D:8      | Noticed Pikel
  8898 | D:8      | Killed Pikel
  8898 | D:8      | Reached * piety under Okawaru
  9114 | D:8      | Found an ancient bone altar of Kikubaaqudgha.
  9298 | D:8      | Reached ** piety under Okawaru
  9344 | D:8      | Found a shadowy altar of Dithmenos.
  9364 | D:8      | Found a snail-covered altar of Cheibriados.
  9375 | D:8      | Found a runed door.
  9376 | D:8      | Found a stormy altar of Qazlal.
  9401 | D:8      | Found a shadowy altar of Dithmenos.
  9422 | D:8      | Found a sparkling altar of Nemelex Xobeh.
  9455 | D:8      | Found a glowing silver altar of Zin.
  9529 | D:8      | Reached XP level 11. HP: 77/81 MP: 3/12
  9747 | D:8      | Noticed a flayed ghost
  9760 | D:8      | Killed a flayed ghost
  9766 | D:8      | Got an encrusted shortbow
  9775 | D:8      | Identified the +9 shortbow of the Valley of Death {venom, rPois rC+} (You found it on level 8 of the Dungeon)
 10124 | D:9      | Reached *** piety under Okawaru
 10831 | D:10     | Entered Level 10 of the Dungeon
 10849 | D:10     | Noticed Harold
 11242 | D:10     | Found a staircase to the Orcish Mines.
 11519 | D:10     | Found a roughly hewn altar of Beogh.
 11531 | Orc:1    | Entered Level 1 of the Orcish Mines
 12011 | Orc:1    | Found a roughly hewn altar of Beogh.
 12363 | Orc:2    | Reached skill level 5 in Stealth
 12413 | Orc:2    | Found Gogo's Armour Boutique.
 13359 | Orc:3    | Found a dark tunnel.
 13369 | Volcano  | Entered a volcano
 13630 | Volcano  | Reached **** piety under Okawaru
 13646 | Volcano  | Noticed a salamander mystic
 13662 | Volcano  | Killed a salamander mystic
 13662 | Volcano  | Reached XP level 12. HP: 81/92 MP: 4/13
 14221 | Orc:3    | Found a roughly hewn altar of Beogh.
 14530 | Orc:3    | Noticed an orc knight
 14607 | Orc:3    | Noticed an orc warlord
 14644 | Orc:3    | Killed an orc warlord
 14644 | Orc:3    | Received a gift from Okawaru
 14644 | Orc:3    | Reached skill level 10 in Armour
 14953 | Orc:3    | Reached skill level 1 in Dodging
 15194 | Orc:3    | Found a roughly hewn altar of Beogh.
 15390 | Orc:3    | Noticed an orc high priest
 15422 | Orc:3    | Killed an orc knight
 15422 | Orc:3    | Reached ***** piety under Okawaru
 15549 | Orc:3    | Noticed an orc sorcerer
 15558 | Orc:3    | Killed an orc sorcerer
 15598 | Orc:3    | Noticed an orc knight
 15615 | Orc:3    | Killed an orc knight
 15788 | Orc:3    | Killed an orc high priest
 15788 | Orc:3    | Reached skill level 5 in Dodging
 16056 | Orc:4    | Entered Level 4 of the Orcish Mines
 16462 | Orc:4    | Noticed an orc warlord
 17322 | Orc:4    | Found a staircase to the Elven Halls.
 17371 | Orc:4    | Found a roughly hewn altar of Beogh.
 17493 | Orc:4    | Noticed an orc high priest
 17694 | Orc:4    | Killed an orc high priest
 17694 | Orc:4    | Reached XP level 13. HP: 92/101 MP: 2/14
 17883 | Orc:4    | Paralysed by an orc sorcerer for 7 turns
 18139 | Orc:4    | Paralysed by an orc sorcerer for 7 turns
 18174 | Orc:4    | Noticed an ogre mage
 18181 | Orc:4    | Found Suligro's Antique Weapon Shop.
 18194 | Orc:4    | Found an ancient bone altar of Kikubaaqudgha.
 18195 | Orc:4    | Noticed Nergalle
 18249 | Orc:4    | Killed an ogre mage
 18249 | Orc:4    | Reached skill level 10 in Shields
 18267 | Orc:4    | Found a radiant altar of Vehumet.
 18268 | Orc:4    | Noticed Erolcha
 18539 | Orc:4    | Noticed an ogre mage
 18558 | Orc:3    | Killed an ogre mage
 18558 | Orc:3    | Received a gift from Okawaru
 18913 | Orc:4    | Killed an orc warlord
 18913 | Orc:4    | Reached skill level 11 in Shields
 19320 | Orc:4    | Killed Nergalle
 19475 | Orc:4    | Found Beerasche's Magic Scroll Boutique.
 19700 | Orc:4    | Bought a scroll of teleportation for 54 gold pieces
 19708 | Orc:4    | Paralysed by an orc sorcerer for 5 turns
 19718 | Orc:4    | Killed Erolcha
 20025 | Orc:4    | Paralysed by an orc sorcerer for 5 turns
 20042 | Orc:4    | Reached skill level 5 in Evocations
 20267 | Elf:1    | Entered Level 1 of the Elven Halls
 20353 | Orc:4    | Found Lekoq's Gadget Shop.
 20354 | Orc:4    | Found a roughly hewn altar of Beogh.
 20360 | Orc:4    | Found Jenepo Beta's Book Shop.
 20638 | Lair:1   | Entered Level 1 of the Lair of Beasts
 21032 | D:8      | Received a gift from Okawaru
 21490 | Lair:1   | Reached XP level 14. HP: 70/108 MP: 7/19
 21682 | Lair:1   | Reached skill level 1 in Invocations
 22213 | Orc:4    | Bought a scroll of magic mapping for 63 gold pieces
 22213 | Orc:4    | Bought a scroll of enchant weapon for 135 gold pieces
 22213 | Orc:4    | Bought a scroll of enchant armour for 135 gold pieces
 22214 | Orc:4    | Identified a scroll of acquirement
 22632 | Lair:2   | Reached ****** piety under Okawaru
 22777 | Lair:2   | Reached skill level 5 in Invocations
 22808 | Lair:2   | Noticed Erica
 22823 | Lair:2   | Killed Erica
 22962 | Lair:2   | Noticed Sonja
 22978 | Lair:2   | Killed Sonja
 23164 | Lair:2   | Received a gift from Okawaru
 23185 | Lair:2   | Got a transparent ring mail {god gift}
 23196 | Lair:2   | Identified the +3 ring mail of Crawling {+Blink} (Okawaru gifted it to you on level 2 of the Lair of Beasts)
 23386 | Lair:2   | You fall through a shaft for 2 floors!
 23656 | Lair:3   | Noticed Gastronok
 23727 | Lair:3   | Killed Gastronok
 24521 | Lair:3   | Reached skill level 10 in Invocations
 24630 | Lair:3   | Found a staircase to the Shoals.
 24830 | Lair:4   | Noticed Rupert
 24879 | Lair:4   | Killed Rupert
 25484 | Lair:5   | Found a labyrinth entrance.
 25493 | Lab      | Entered a labyrinth
 26163 | Lab      | Got a heavily runed chain mail
 26175 | Lab      | Identified the +1 chain mail "Poufeila" {Str+2} (You found it in a labyrinth)
 26398 | Lair:5   | You fall through a shaft for 2 floors!
 26430 | Lair:7   | Reached XP level 15. HP: 104/113 MP: 14/23
 26732 | Lair:6   | Found a shimmering altar of Xom.
 26802 | Lair:6   | Reached skill level 12 in Invocations
 26930 | Lair:6   | Found a viscous altar of Jiyva.
 26930 | Lair:6   | Found a staircase to the Slime Pits.
 27732 | Lair:5   | Reached skill level 10 in Long Blades
 27902 | Lair:5   | Found a staircase to the Snake Pit.
 28021 | Lair:5   | Found a glowing silver altar of Zin.
 28256 | Lair:5   | Received a gift from Okawaru
 28892 | Lair:7   | Learned a level 2 spell: Repel Missiles
 28895 | Lair:7   | Learned a level 2 spell: Swiftness
 29122 | Lair:7   | Reached skill level 1 in Charms
 29424 | Lair:8   | Entered Level 8 of the Lair of Beasts
 29553 | Lair:8   | Found a frozen archway.
 29600 | IceCv    | Entered an ice cave
 30455 | IceCv    | Reached skill level 10 in Fighting
 31092 | Lair:7   | Reached skill level 5 in Charms
 31314 | Lair:8   | Received a gift from Okawaru
 31770 | Lair:8   | Reached XP level 16. HP: 79/123 MP: 16/25
 33770 | Lair:8   | Received a gift from Okawaru
 34476 | D:10     | Found an opulent altar of Gozag.
 34480 | D:10     | Killed Harold
 34697 | D:10     | Noticed a hill giant
 34707 | D:10     | Killed a hill giant
 34768 | D:10     | Noticed Josephine
 34782 | D:10     | Killed Josephine
 35138 | D:11     | Found Saniruat's Assorted Antiques.
 35154 | D:11     | Bought a scroll of magic mapping for 129 gold pieces
 35905 | D:11     | Found a blossoming altar of Fedhas.
 36778 | D:12     | Received a gift from Okawaru
 37442 | D:13     | Found a flagged portal.
 37482 | Bailey   | Entered a bailey
 37512 | Bailey   | Found an iron altar of Okawaru.
 38856 | D:14     | Found Uqisiheu's General Store.
 38868 | D:14     | Bought a potion of curing for 45 gold pieces
 38868 | D:14     | Bought a potion of heal wounds for 75 gold pieces
 38885 | D:14     | Reached XP level 17. HP: 123/133 MP: 16/26
 38969 | D:14     | Found a sparkling altar of Nemelex Xobeh.
 39821 | D:14     | Found a gate to the Vaults.
 40084 | D:15     | Entered Level 15 of the Dungeon
 41061 | D:15     | Found a staircase to the Depths.
 42485 | Snake:1  | Entered Level 1 of the Snake Pit
 42513 | Snake:1  | Slain by a naga warrior

Action                   |  1- 3 |  4- 6 |  7- 9 | 10-12 | 13-15 | 16-18 || total
-------------------------+-------+-------+-------+-------+-------+-------++-------
Melee: Long sword        |   151 |   276 |   369 |       |       |       ||   796
       Falchion          |       |       |    57 |   867 |  1525 |  1382 ||  3831
       Scimitar          |       |       |       |       |    91 |    13 ||   104
Throw: Stone             |       |       |       |    48 |    16 |     1 ||    65
 Cast: Repel Missiles    |       |       |       |       |     1 |     3 ||     4
       Swiftness         |       |       |       |       |       |     3 ||     3
Invok: Heroism           |       |       |       |    13 |    24 |    18 ||    55
       Finesse           |       |       |       |       |     5 |     1 ||     6
Evoke: Rod               |       |       |     5 |    22 |    10 |       ||    37
       Wand              |       |       |       |       |       |     2 ||     2
  Use: Scroll            |       |    10 |     4 |     6 |    14 |     5 ||    39
       Potion            |       |     1 |     1 |     2 |     3 |       ||     7
 Stab: Sleeping          |       |       |       |     2 |    16 |    23 ||    41
       Distracted        |       |       |       |       |     5 |     2 ||     7
  Eat: Chunk             |     1 |     6 |     4 |    39 |    28 |    33 ||   111
       Bread ration      |       |     1 |       |       |       |       ||     1
       Meat ration       |       |       |     2 |       |     2 |       ||     4
       Pizza             |       |       |     1 |       |     1 |     1 ||     3
       Fruit             |       |       |       |     2 |    16 |     3 ||    21
       Beef jerky        |       |       |       |     3 |     1 |       ||     4
